 Dungeon Crawl Stone Soup version 0.26.1-2-gb8aa6d0cf2 (webtiles) character file.

Game seed: 195203805892824487

4421 sapthan the Grappler (level 10, -4/98 HPs)
             Began as a Troll Monk on Feb 16, 2021.
             Was an Initiate of Ru.
             Slain by an orc warrior
             ... wielding a +0 quarterstaff
              (19 damage)
             ... on level 8 of the Dungeon.
             The game lasted 00:26:07 (7082 turns).

sapthan the Grappler (Troll Monk)                   Turns: 7082, Time: 00:26:08

Health: -4/98      AC:  9    Str: 24    XL:     10   Next: 14%
Magic:  9/9        EV: 10    Int:  6    God:    Ru [......]
Gold:   530        SH:  0    Dex: 12    Spells: 9/9 levels left

rFire    + . .     SeeInvis .     - Unarmed
rCold    . . .     Faith    .   (no shield)
rNeg     . . .     Spirit   .   i - +0 steam dragon scales
rPois    .         Reflect  .   (helmet restricted)
rElec    .         Harm     .   (no cloak)
rCorr    .         Rampage  .   (gloves unavailable)
Will     .....                  (boots unavailable)
Stlth    ..........             B - amulet of the acrobat
HPRegen  0.66/turn              (no ring)
MPRegen  0.11/turn              (no ring)

@: no status effects
A: large, unfitting armour, claws 3, camouflage 1, fire resistance 1, mutation
resistance 1, regeneration 1, shaggy fur 1, tough skin 3, no stealth
a: Renounce Religion


You were on level 8 of the Dungeon.
You worshipped Ru.
Ru was noncommittal.
You visited 2 branches of the dungeon, and saw 9 of its levels.
You also visited: Sewer.

You collected 530 gold pieces.

Inventory:

Missiles
 h - 137 stones (quivered)
 v - 4 boomerangs
 w - 6 javelins
Armour
 a - a +0 robe
 i - +0 steam dragon scales (worn)
Jewellery
 n - an uncursed amulet of faith
 y - an uncursed ring of fire
 B - an amulet of the acrobat (around neck)
 D - an uncursed ring of protection from fire {unknown}
Wands
 u - a wand of disintegration (11)
 A - a wand of random effects (8)
 G - a wand of iceblast (12)
Scrolls
 b - 2 scrolls of teleportation
 d - 4 scrolls of magic mapping {unknown}
 e - 9 scrolls of remove curse
 f - 4 scrolls of enchant weapon {unknown}
 g - a scroll of silence {unknown}
 l - a scroll of fog {unknown}
 m - 2 scrolls of amnesia {unknown}
 q - 2 scrolls of immolation {unknown}
 C - a scroll of noise {unknown}
 E - 2 scrolls of random uselessness {unknown}
 F - 2 scrolls of identify
 H - a scroll of blinking {unknown}
Potions
 c - a potion of invisibility {unknown}
 j - a potion of flight {unknown}
 k - 2 potions of might {unknown}
 o - 5 potions of mutation
 p - 6 potions of curing
 r - a potion of berserk rage {unknown}
 s - a potion of resistance
 t - a potion of ambrosia {unknown}
 x - 3 potions of lignification {unknown}
 z - a potion of degeneration {unknown}


   Skills:
 + Level 5.9 Fighting
 + Level 5.8 Throwing
 - Level 2.4 Dodging
 + Level 11.8 Unarmed Combat


You had 9 spell levels left.
You didn't know any spells.
Your spell library was empty.

Dungeon Overview and Level Annotations

Branches:
Dungeon (8/15)             Temple (1/1) D:5           Sewer (visited)
   Lair: D:8-11

Altars:
Ashenzari
Cheibriados
Dithmenos
Elyvilon
Fedhas
Gozag
Hepliaklqana
Kikubaaqudgha
Makhleb
Nemelex Xobeh
Okawaru
Qazlal
Ru
Sif Muna
Trog
Uskayaw
Vehumet
Wu Jian
Xom
Yredelemnul
Zin
The Shining One


Innate Abilities, Weirdness & Mutations

You are too large for most types of armour.
You have claws for hands.
Your natural rate of healing is unusually fast.
You are covered in fur. (AC +1)
You have extremely tough skin. (AC +3)
You cannot be stealthy.
Your skin changes colour to match your surroundings (Stealth+).
Your flesh is heat resistant. (rF+)
You are somewhat resistant to further mutation.


Message History

The gnoll closely misses you. The gnoll closely misses you.
Things that are here:
a +1 spear; a +0 animal skin; a wolf corpse You claw the gnoll!
You claw the gnoll.
You kill the gnoll!
An orc warrior comes into view. It is wielding a +0 quarterstaff.
The orc warrior shouts!
You hear a chilling moan.
You hear a shout!
Things that are here:
a +0 spear; a +0 spear An orc priest comes into view.
It is wielding a +1 whip of electrocution.
The orc priest calls down the wrath of Beogh upon you.
Beogh smites you!
* * * LOW HITPOINT WARNING * * *
You mangle the orc warrior!!
The orc warrior is severely wounded.
You scratch the orc warrior but do no damage.
The orc warrior is severely wounded.
The orc warrior hits you with a +0 quarterstaff!!
You die...

...................##..# #..#
.....................#.## ##.#
.......................# #.##
..............o..####..### ##..#
.............#.### ##...####.#..
...........###.# #.....#.####
...........###.# #......##
...............### #..#...# #
...##....####..o@#####..##)######
#.#....## #.......#...#.†).....
#.....## ##...........#.......#
#.....# #.###....#.........###
#....## ##.# ##......#.#...##
###..######.## ##....##..##..##
#...##......# ##..####.###..##
###.......#.### ##..# #.# ###.#
##..##..###...# ##..## ### ##.


You could see an orc warrior.

Vanquished Creatures
  Harold (D:8)
  Grinder (Sewer)
  A steam dragon (D:7)
  Eustachio (D:4)
  Grum (D:8)
  Edmund (D:5)
  Menkaure (D:5)
  An orc warrior (D:7)
  A sky beast (D:6)
  An ice beast (D:8)
  5 ogres
  4 wolves (D:8)
  A big kobold (Sewer)
  4 bullfrogs
  A gnoll sergeant (D:8)
  A scorpion (D:7)
  7 wights
  2 howler monkeys (D:8)
  2 quasits (Sewer)
  5 orc priests
  3 hounds
  A centaur skeleton (D:5)
  An iguana (D:7)
  5 orc wizards
  4 worker ants
  A killer bee zombie (D:5)
  4 big kobold zombies (Sewer)
  A worker ant zombie (D:5)
  6 gnolls (D:8)
  11 adders
  3 shadow imps (Sewer)
  3 white imps
  4 ufetubi
  An ooze (Sewer)
  5 worms
  3 dart slugs
  12 leopard geckos
  22 orcs
  10 bats
  10 giant cockroaches
  7 goblins
  7 hobgoblins
  10 jackals
  14 kobolds
  7 quokkas
  2 ball pythons (D:5)
  3 frilled lizards
  3 kobold zombies (Sewer)
  A leopard gecko zombie (D:8)
  7 rats
213 creatures vanquished.

Vanquished Creatures (others)
  2 big kobold zombies (Sewer)
  An adder (D:7)
  2 oozes (Sewer)
  2 orcs (D:7)
  A bat (Sewer)
  A kobold zombie (Sewer)
9 creatures vanquished.

Grand Total: 222 creatures vanquished

Notes
Turn   | Place    | Note
-------+----------+-------------------------------------------
     0 | D:1      | sapthan the Troll Monk began the quest for the Orb.
     0 | D:1      | Reached XP level 1. HP: 22/22 MP: 0/0
    83 | D:1      | Reached XP level 2. HP: 29/29 MP: 1/1
   142 | D:1      | Reached skill level 4 in Unarmed Combat
   338 | D:1      | Reached XP level 3. HP: 36/36 MP: 2/2
   901 | D:2      | Reached XP level 4. HP: 44/44 MP: 3/3
   905 | D:2      | Reached skill level 5 in Unarmed Combat
  1411 | D:3      | Reached XP level 5. HP: 44/50 MP: 4/4
  1692 | D:3      | Reached skill level 6 in Unarmed Combat
  2183 | D:4      | Found a glowing drain.
  2200 | Sewer    | Entered a sewer
  2303 | Sewer    | Reached XP level 6. HP: 59/59 MP: 5/5
  2311 | Sewer    | Reached skill level 7 in Unarmed Combat
  2312 | Sewer    | Found a burning altar of Makhleb.
  2327 | Sewer    | Noticed Grinder
  2356 | Sewer    | Paralysed by Grinder for 4 turns
  2362 | Sewer    | Gained mutation: Your flesh is heat resistant. (rF+)
                  | [potion of mutation]
  2362 | Sewer    | Gained mutation: Your skin changes colour to match your
                  | surroundings (Stealth+). [potion of mutation]
  2362 | Sewer    | Gained mutation: You are somewhat resistant to further
                  | mutation. [potion of mutation]
  2375 | Sewer    | Paralysed by Grinder for 6 turns
  2382 | Sewer    | Killed Grinder
  2383 | Sewer    | Reached skill level 8 in Unarmed Combat
  2383 | Sewer    | Reached XP level 7. HP: 16/66 MP: 6/6
  2809 | D:4      | Noticed Eustachio
  2925 | D:4      | Killed Eustachio
  2926 | D:4      | Reached skill level 9 in Unarmed Combat
  3460 | D:5      | Entered Level 5 of the Dungeon
  3615 | D:5      | Reached XP level 8. HP: 71/74 MP: 7/7
  3650 | D:5      | Noticed Menkaure
  3665 | D:5      | Killed Menkaure
  3666 | D:5      | Reached skill level 10 in Unarmed Combat
  3931 | D:5      | Found a staircase to the Ecumenical Temple.
  3971 | Temple   | Entered the Ecumenical Temple
  4339 | D:5      | Noticed Edmund
  4352 | D:5      | Killed Edmund
  4353 | D:5      | Reached skill level 1 in Throwing
  5619 | D:6      | Found a glowing golden altar of the Shining One.
  5632 | D:6      | Found a shadowy altar of Dithmenos.
  5784 | D:7      | Reached XP level 9. HP: 84/84 MP: 8/8
  5812 | D:7      | Found a bloodstained altar of Trog.
  5814 | D:7      | Found a stormy altar of Qazlal.
  5814 | D:7      | Found a white marble altar of Elyvilon.
  5814 | D:7      | Found an iron altar of Okawaru.
  5815 | D:7      | Found a sacrificial altar of Ru.
  5841 | D:7      | Became a worshipper of Ru the Awakened
  5854 | D:7      | Gained mutation: You cannot be stealthy. [Ru sacrifice]
  5895 | D:7      | HP: 3/84 [steam dragon (5)]
  5899 | D:7      | Reached skill level 11 in Unarmed Combat
  6299 | D:8      | Noticed Harold
  6322 | D:8      | Killed Harold
  6323 | D:8      | Reached skill level 5 in Fighting
  6323 | D:8      | Reached skill level 5 in Throwing
  7042 | D:8      | Reached XP level 10. HP: 67/98 MP: 9/9
  7045 | D:8      | Noticed Grum
  7067 | D:8      | Killed Grum
  7082 | D:8      | Slain by an orc warrior

Illustrated notes

Levels and vault maps discovered:
D:1:      roderic_dead_forest, layout_basic, minmay_vboxes
D:2:      layout_rooms, hangedman_decor_opposing
D:3:      layout_loops_ring, chequers_serial_rivers_room_a
D:4:      layout_basic, gup_sewer_entry_pipe, guppyfry_early_lair_pool,
          uniq_eustachio
D:5:      minmay_inner_zag, layout_basic, minmay_temple_entry_stoned_glass,
          uniq_menkaure, uniq_edmund
D:6:      layout_basic, amethyst_overflow_temple_binary
D:7:      layout_rooms, grunt_temple_overflow_open, minmay_misc_feat_room,
          amcnicky_mini_pool_small
D:8:      minmay_imperfect_grid, layout_layer_cave, uniq_grum, uniq_harold
Temple:   regret_index_temple_generic_petals

Skill      XL: |  1  2  3  4  5  6  7  8  9 |
---------------+----------------------------+-----
Unarmed Combat | 4 5 6 8 9 10 11 | 11.8
Throwing       | 3 5 |  5.8
Fighting       | 3 5 |  5.9
Stealth        | 0 |  0.0
Dodging        | |  2.4

Action                   |  1- 3 |  4- 6 |  7- 9 | 10-12 || total
-------------------------+-------+-------+-------+-------++-------
Melee: Unarmed           |    74 |   166 |   276 |    19 ||   535
       Punch             |     1 |     3 |    13 |     2 ||    19
Throw: Stone             |       |     1 |       |       ||     1
Invok: Sacrifice Stealth |       |       |     1 |       ||     1
  Use: Scroll            |       |     3 |     3 |       ||     6
       Potion            |       |     6 |     3 |       ||     9
 Stab: Sleeping          |     3 |     3 |     8 |       ||    14
Armor: Robe              |    34 |    63 |    56 |       ||   153
       Steam dragon scal |       |       |    31 |     4 ||    35
Dodge: Dodged            |    41 |    68 |   133 |    18 ||   260
